 Dungeon Crawl Stone Soup version 0.19-a0-607-g42021f0 (webtiles) character file.

1393 georgeearnest the Chopper (level 8, -2/70 HPs)
             Began as a Hill Orc Fighter on June 12, 2016.
             Slain by tstbtto's ghost (9 damage)
             ... on level 7 of the Dungeon.
             The game lasted 00:09:08 (6199 turns).

georgeearnest the Chopper (Hill Orc Fighter)        Turns: 6199, Time: 00:09:08

Health: -2/70      AC: 14    Str: 26    XL:     8   Next: 68%
Magic:  8/8        EV:  7    Int:  8    God:
Gold:   320        SH: 11    Dex: 10    Spells: 0 memorised, 7 levels left

rFire  . . .     SeeInvis +     y - +3 war axe
rCold  + . .     Gourm    .     x - +0 shadow dragon armour
rNeg   . . .     Faith    .     c - +0 shield
rPois  .         Spirit   .     f - +0 helmet
rElec  .         Dismiss  .     (no cloak)
rCorr  .         Reflect  .     (no gloves)
SustAt .         Harm     .     (no boots)
MR     .....                    (no amulet)
Stlth  +++.......               H - ring of protection from cold
                                D - ring of see invisible

@: mighty, not resistant to hostile enchantments, fairly stealthy
A: sense surroundings 1
a: no special abilities


You were on level 7 of the Dungeon.
You were not hungry.

You visited 1 branch of the dungeon, and saw 7 of its levels.

You collected 320 gold pieces.

Inventory:

Hand Weapons
 y - a +3 war axe (weapon)
Armour
 c - a +0 shield (worn)
 f - a +0 helmet (worn)
 o - a +0 ring mail of fire resistance
 x - a +0 shadow dragon armour (worn)
Jewellery
 D - a ring of see invisible (left hand)
 H - a ring of protection from cold (right hand)
Wands
 a - a wand of random effects (34/48)
 e - a wand of flame (24/48)
 k - a wand of slowing (26/48)
 z - a wand of polymorph (1/24)
 C - a wand of iceblast (10/15)
Scrolls
 g - 7 scrolls of enchant armour {unknown}
 h - 3 scrolls of blinking {unknown}
 i - 4 scrolls of teleportation {unknown}
 l - 2 scrolls of remove curse {unknown}
 m - 2 scrolls of fog {unknown}
 n - 2 scrolls of identify {unknown}
 r - a scroll of amnesia {unknown}
 s - 4 scrolls of immolation {unknown}
 t - 2 scrolls of recharging {unknown}
 B - a scroll of noise {unknown}
 I - a scroll of magic mapping {unknown}
Potions
 b - 2 potions of ambrosia {unknown}
 d - a potion of might
 j - a potion of mutation {unknown}
 p - 2 potions of flight {unknown}
 u - a potion of agility {unknown}
 v - a potion of lignification {unknown}
 w - 2 potions of resistance {unknown}
 G - a potion of brilliance {unknown}
Comestibles
 A - a slice of pizza
 E - a meat ration


   Skills:
 + Level 5.9 Fighting
 + Level 6.9 Axes
 + Level 6.4 Armour
 + Level 2.6 Dodging
 + Level 1.6 Stealth
 + Level 6.3 Shields
 + Level 0.2 Unarmed Combat


You had 7 spell levels left.
You didn't know any spells.

Dungeon Overview and Level Annotations

Branches:
Dungeon (7/15)             Temple (0/1) D:5

Altars:
Cheibriados
Dithmenos
Elyvilon
Fedhas
Kikubaaqudgha
Pakellas
Qazlal
Ru
Sif Muna
Xom
Zin

Annotations:
D:4 Blork the orc
D:7 tstbtto's ghost, novice CeGl


Innate Abilities, Weirdness & Mutations

You passively map a small area around you.


Message History

You slash tstbtto's ghost!
Tstbtto's ghost is heavily damaged.
Tstbtto's ghost hits you.
You slash tstbtto's ghost!
Tstbtto's ghost is heavily damaged.
Tstbtto's ghost barely misses you. You block tstbtto's ghost's attack.
You slash tstbtto's ghost!
Tstbtto's ghost is severely damaged.
Tstbtto's ghost hits you!
You barely miss tstbtto's ghost.
Tstbtto's ghost is severely damaged.
Tstbtto's ghost hits you!
* * * LOW HITPOINT WARNING * * *
You block tstbtto's ghost's attack.
Okay, then.
Okay, then.
Tstbtto's ghost hits you!
* * * LOW HITPOINT WARNING * * *
Tstbtto's ghost hits you!
You die...

* #.........# #.# *
#.#######.# #.# ,, #.#
#.# ##.###### #.#####
#.###...#...#
#.....###.##........#
#.........###...#...####
#####.#####
##.........##
##.#.#######...........
#.###<@W.............##
##.#.#######.#.....###
##.## #.#....(# ###
#.##...## * #.###### ,
... ##.#.* *,, ..... *
*...,..


You could see tstbtto's ghost.

Vanquished Creatures
  Joseph (D:7)
  Sigmund (D:4)
  A sky beast (D:5)
  An ogre (D:4)
  A necrophage (D:6)
  A centaur (D:5)
  A phantom (D:5)
  2 scorpions
  A howler monkey (D:6)
  A jelly (D:6)
  A hound (D:5)
  An orc wizard (D:4)
  2 worker ants
  2 hound skeletons
  4 gnolls
  7 adders
  A shadow imp (D:6)
  3 worms
  A dart slug (D:3)
  5 giant geckos
  8 orcs
  A ball python (D:5)
  7 giant cockroaches
  15 hobgoblins
  8 jackals
  14 kobolds
  4 quokkas
  A ball python skeleton (D:4)
  7 bats
  5 giant newts
  10 goblins
  A jackal zombie (D:6)
  9 rats
128 creatures vanquished.

Notes
Turn   | Place    | Note
--------------------------------------------------------------
     0 | D:1      | georgeearnest the Hill Orc Fighter began the quest for the Orb.
     0 | D:1      | Reached XP level 1. HP: 19/19 MP: 1/1
   402 | D:1      | Reached XP level 2. HP: 18/27 MP: 2/2
   471 | D:1      | Reached XP level 3. HP: 26/33 MP: 3/3
  1214 | D:2      | Found an oddly glowing altar of Pakellas.
  1249 | D:2      | Reached XP level 4. HP: 29/40 MP: 4/4
  1478 | D:2      | Reached skill level 1 in Dodging
  2454 | D:3      | Reached XP level 5. HP: 31/47 MP: 5/5
  2598 | D:3      | Found a stormy altar of Qazlal.
  3054 | D:3      | Found a deep blue altar of Sif Muna.
  3113 | D:4      | Found a snail-covered altar of Cheibriados.
  3269 | D:4      | Noticed Sigmund
  3291 | D:4      | Killed Sigmund
  3291 | D:4      | Reached XP level 6. HP: 27/53 MP: 6/6
  3537 | D:4      | Noticed Blork the orc
  3537 | D:4      | Noticed a phantom
  3591 | D:4      | Noticed an angel
  3599 | D:4      | Found a shimmering altar of Xom.
  3601 | D:4      | Found a glowing silver altar of Zin.
  3793 | D:4      | Reached skill level 5 in Armour
  3842 | D:4      | Reached XP level 7. HP: 49/60 MP: 7/7
  3953 | D:5      | Entered Level 5 of the Dungeon
  4300 | D:5      | Reached skill level 5 in Fighting
  4408 | D:5      | Found an ancient bone altar of Kikubaaqudgha.
  4442 | D:5      | Found a staircase to the Ecumenical Temple.
  4461 | D:5      | Found a blossoming altar of Fedhas.
  4493 | D:5      | Reached skill level 5 in Axes
  4493 | D:5      | Reached skill level 5 in Shields
  4761 | D:5      | Reached skill level 1 in Stealth
  4769 | D:5      | Gained mutation: You passively map a small area around you. [mutagenic meat]
  5161 | D:5      | Found a white marble altar of Elyvilon.
  5353 | D:6      | Reached XP level 8. HP: 68/68 MP: 8/8
  5773 | D:7      | Noticed Joseph
  5816 | D:7      | Killed Joseph
  6083 | D:7      | Found a shadowy altar of Dithmenos.
  6107 | D:7      | Found a sacrificial altar of Ru.
  6172 | D:7      | Noticed tstbtto's ghost (novice CeGl)
  6199 | D:7      | Slain by tstbtto's ghost

Vault maps used:
D:1:      dpeg_arrival_water_fire, hex_tiny, hangedman_feature_mirror
D:2:      lemuel_coloured_pillars_altar, minmay_divided_ellipse
D:3:      lemuel_doored_altar, lemuel_crystal_altar, first_bread
D:4:      corexii_shack_village, lightli_temple_of_fire,
          cheibriados_altar_wand_db, grunt_temple_overflow_order_and_chaos_1,
          minmay_liquid_box, uniq_sigmund, uniq_blork_the_orc
D:5:      marbit_many_paths, fedhas_altar_3, overflow_temple_1_default,
          temple_fountains
D:7:      grunt_dithmenos_smoke, nicolae_overflow_hidden_temple, uniq_joseph

Skill      XL: |  1  2  3  4  5  6  7  8 |
---------------+-------------------------+-----
Shields        | 4 5 6 |  6.3
Fighting       | 4 5 |  5.9
Axes           | 3 4 5 6 |  6.9
Dodging        | 1 2 |  2.6
Armour         | 4 5 6 |  6.4
Stealth        | 1 |  1.6
Unarmed Combat | |  0.2

Action                   |  1- 3 |  4- 6 |  7- 9 || total
-------------------------+-------+-------+-------++-------
Melee: War axe           |   120 |   200 |   122 ||   442
       Unarmed           |       |       |    30 ||    30
  Use: Potion            |       |     3 |     8 ||    11
 Stab: Sleeping          |       |     1 |     5 ||     6
  Eat: Bread ration      |     1 |     1 |     2 ||     4
       Pizza             |       |     1 |       ||     1
       Chunk             |       |       |     1 ||     1
Armor: Scale mail        |    49 |       |       ||    49
       Ring mail         |     8 |    38 |       ||    46
       Shadow dragon arm |       |    28 |    84 ||   112
Dodge: Dodged            |    43 |    71 |    41 ||   155
Block: Shield            |    89 |   122 |    66 ||   277
